cohdb
Replays
Latest Replays
All Replays
Popular Replays
Top Player Replays
Match Explorer
How It Works
Community
CoH3 Stats
Reddit
Sign in to upload your games and track your stats! →
Sign in with Steam
Match 45804093
Unlisted
Match 45804093
Overview
Messages
Build Orders
End
Pioneer Squad
Construct Infanterie Kompanie
Grenadier Squad
Grenadier Squad
MG 42 Machine Gun Team
MG 42 Machine Gun Team
Selects Terror Battlegroup
Selects Machine Gun Camouflage
Construct Luftwaffe Kompanie
221 Scout Car
Medical Bunker
Jäger Squad
Luftwaffe Officer Quarters
Jäger Squad
Support Elements
Selects No Quarter
Wirbelwind Flakpanzer
Wirbelwind Flakpanzer
Selects King Tiger Heavy Tank
King Tiger Heavy Tank
Jäger Squad
Jäger Squad
Selects Contempt for the Weak
Jäger Squad
UMirinBrah?
桂妮薇尔
0
0
Comments
sign in to comment!
No comments posted yet!